 Dungeon Crawl Stone Soup version 0.30.0-29-ga12c61a403 (webtiles) character file.

Game seed: 10834883452824208603

3332 LustLizard the Grappler (level 10, -2/73 HPs)
             Began as an Octopode Berserker on June 14, 2023.
             Was a Priest of Trog.
             Slain by a sky beast (5 damage)
             ... on level 7 of the Dungeon.
             The game lasted 00:08:45 (7981 turns).

LustLizard the Grappler (Octopode Berserker)        Turns: 7981, Time: 00:08:46

Health: -2/73      AC:  1    Str: 20    XL:     10   Next: 2%
Magic:  10/10      EV: 13    Int:  9    God:    Trog [***...]
Gold:   301        SH:  0    Dex:  9    Spells: 9/9 levels left

rFire   + .          .
                       - Unarmed
rCold   . . .        (no shield)
rNeg    . . .        (helmet restricted)
rPois   .            i - amulet of the acrobat
rElec   .            k - ring of protection from fire
rCorr   .            (no ring)
SInv    .            (no ring)
Will    .....        (no ring)
Stlth   +++          (no ring)
HPRegen 0.32/turn    (no ring)
MPRegen 0.12/turn    (no ring)
                     (no ring)

%: acrobat
@: no status effects
A: almost no armour, amphibious, 8 rings, camouflage 1, gelatinous body 1,
(nimble swimmer 1), tentacles, clumsy 2
a: Renounce Religion, Berserk, Trog's Hand


You were on level 7 of the Dungeon.
You worshipped Trog.
Trog was most pleased with you.
You visited 1 branch of the dungeon, and saw 7 of its levels.

You collected 420 gold pieces.
You spent 119 gold pieces at shops.

Inventory:

Missiles
 b - 85 stones (quivered)
 d - a throwing net
 p - 15 poisoned darts
Jewellery
 i - an amulet of the acrobat (around mantle)
 k - a ring of protection from fire (left tentacle)
Wands
 q - a wand of flame (17)
 C - a wand of polymorph (10)
Scrolls
 a - 2 scrolls of vulnerability {unknown}
 e - 3 scrolls of teleportation
 f - 2 scrolls of immolation
 n - 2 scrolls of enchant armour {unknown}
 r - 2 scrolls of enchant weapon {unknown}
 s - 2 scrolls of blinking {unknown}
 t - a scroll of torment {unknown}
 u - 2 scrolls of fear
 v - a scroll of amnesia {unknown}
 x - a scroll of fog {unknown}
 y - 2 scrolls of poison {unknown}
 z - a scroll of summoning {unknown}
 A - a scroll of noise {unknown}
Potions
 c - a potion of haste
 g - a potion of resistance
 h - 5 potions of curing
 j - a potion of cancellation
 l - a potion of flight
 m - a potion of lignification {unknown}
 o - a potion of invisibility {unknown}
 w - 2 potions of attraction {unknown}
 B - a potion of heal wounds
 D - a potion of magic


   Skills:
 + Level 8.4 Fighting
 - Level 3.0 Dodging
 - Level 4.0 Stealth
 * Level 11.4 Unarmed Combat


You had 9 spell levels left.
You didn't know any spells.
Your spell library was empty.

Dungeon Overview and Level Annotations

Branches:
Dungeon (7/15)             Temple (0/1) D:6

Altars:
Makhleb
Nemelex Xobeh
Okawaru
Ru

Shops:
D:3 *   D:5 ?

Annotations:
D:3 2 transporters, LynnLen's ghost, novice SpEn


Innate Abilities, Weirdness & Mutations

You cannot wear most types of armour.
You are amphibious.
You can wear up to eight rings at the same time.
Your skin changes colour to match your surroundings (Stealth+).
Your rubbery body absorbs attacks. (AC +1, EV +1)
((You are camouflaged when in or above water. (Stealth+)))
You have tentacles for arms and can constrict up to eight enemies at once.
You are very clumsy. (Dex -4)


Message History

Trog accepts your kill.
Found a smoky brown potion and a plate armour.
The sky beast misses you.
A sky beast appears from thin air!
Reactivating autopickup.
The sky beast completely misses you.
You tentacle-slap the sky beast.
You squeeze the sky beast, but do no damage.
The sky beast is lightly wounded.
The sky beast hits you. The sky beast shocks you. The sky beast hits you.
The sky beast shocks you.
You bludgeon the sky beast!
The sky beast is severely wounded.
The sky beast hits you. The sky beast shocks you.
A sleepcap comes into view.
The sky beast closely misses you.
You tentacle-slap the sky beast.
The sky beast is almost dead.
The sky beast hits you. The sky beast shocks you. The sky beast hits you.
The sky beast shocks you.
You are too injured to fight recklessly!
Unknown command.
The sky beast attacks as you move away! The sky beast barely misses you.
The sky beast flickers out of sight!
Deactivating autopickup; reactivate with Ctrl-A.
Something hits you.
* * * LOW HITPOINT WARNING * * *
Something shocks you.
* * * LOW HITPOINT WARNING * * *
You barely miss the sky beast. You squeeze the sky beast!
The sky beast is heavily wounded.
You closely miss the sky beast.
The sky beast is heavily wounded.
Something hits you.
* * * LOW HITPOINT WARNING * * *
Something shocks you.
* * * LOW HITPOINT WARNING * * *
The sky beast hits you.
* * * LOW HITPOINT WARNING * * *
The sky beast shocks you.
You die...

...#...##....#####.###.##.#†#.##.
...#...######..#####..#.#.#.#.##.
...#...##........##.###.#.#.#)##.
...#...##########..#####..#.#.##.
...#...##........###..#####.#.##.
####...######..####..#..####..##.
.#####.##....####.)#..#...####.#.
.......##..####!##.#.#...#..##.#.
.......##### #.@Y.#..#.[.#...##.
.......# #.{###.#...#..####.
.####..# #.f... #..#...### #. .#
#..####...#..###.#..### #. .#
#.....###.#... #..### #. .#
#.......###[## #### #. .#
#######...### #. .# ###...### #.
.# ###...#### #.


You could see a sky beast and a sleepcap.

Vanquished Creatures
  Pikel (D:4)
  A wyvern (D:7)
  3 water moccasins
  2 orc warriors
  An ice beast (D:7)
  A black bear (D:6)
  3 ogres
  2 phantoms
  A kobold brigand (D:6)
  3 bullfrogs (D:7)
  6 scorpions
  5 killer bees (D:7)
  A howler monkey (D:6)
  An orc priest (D:6)
  5 hounds
  3 jellies
  2 sleepcaps
  3 iguanas
  5 orc wizards
  11 gnolls
  5 adders
  A shadow imp (D:7)
  4 white imps
  An ufetubus (D:7)
  2 worms
  A dart slug (D:1)
  15 orcs
  6 ball pythons
  9 endoplasms
  2 giant cockroaches
  4 goblins
  8 hobgoblins
  6 jackals (D:4)
  5 quokkas
  5 bats
  A frilled lizard (D:1)
  6 kobolds
  7 rats
148 creatures vanquished.

Notes
Turn   | Place    | Note
-------+----------+-------------------------------------------
     0 | D:1      | LustLizard the Octopode Berserker began the quest for the
                  | Orb.
     0 | D:1      | Reached XP level 1. HP: 16/16 MP: 1/1
   170 | D:1      | Reached skill level 1 in Stealth
   170 | D:1      | Reached XP level 2. HP: 21/21 MP: 2/2
   684 | D:1      | Reached XP level 3. HP: 26/26 MP: 3/3
   706 | D:1      | Reached ** piety under Trog
  1320 | D:2      | Gained mutation: You are clumsy. (Dex -2) [potion of
                  | mutation]
  1320 | D:2      | Gained mutation: You are very clumsy. (Dex -4) [potion of
                  | mutation]
  1325 | D:2      | Reached skill level 4 in Unarmed Combat
  1325 | D:2      | Reached XP level 4. HP: 3/31 MP: 4/4
  1810 | D:3      | Found a faded altar of an unknown god.
  2066 | D:3      | You fall into a shaft and drop 2 floors!
  2066 | D:5      | Entered Level 5 of the Dungeon
  2314 | D:5      | Reached XP level 5. HP: 31/37 MP: 5/5
  2513 | D:5      | Found Laych's Magic Scroll Shoppe.
  2616 | D:5      | Bought a scroll of teleportation for 42 gold pieces
  2616 | D:5      | Bought a scroll of identify for 28 gold pieces
  2639 | D:5      | Reached skill level 5 in Unarmed Combat
  2639 | D:5      | Reached XP level 6. HP: 24/43 MP: 6/6
  2868 | D:3      | Found a transporter.
  2875 | D:3      | Found a transporter.
  2876 | D:3      | Noticed LynnLen's ghost (novice SpEn)
  2878 | D:3      | Identified the +5 great mace of the Devouring Gods {holy,
                  | Str+3}
  3030 | D:3      | Found a sparkling altar of Nemelex Xobeh.
  3561 | D:3      | Found Fishuvis's Assorted Antiques.
  3568 | D:3      | Bought a scroll labelled LASKUI PAIM TENWI for 26 gold
                  | pieces
  3568 | D:3      | Bought a dark potion for 23 gold pieces
  3811 | D:4      | Reached skill level 6 in Unarmed Combat
  3811 | D:4      | Reached XP level 7. HP: 30/49 MP: 7/7
  3927 | D:4      | Noticed Pikel
  3934 | D:4      | Killed Pikel
  3935 | D:4      | Reached skill level 5 in Fighting
  3935 | D:4      | Reached skill level 7 in Unarmed Combat
  3935 | D:4      | Reached XP level 8. HP: 56/56 MP: 8/8
  4408 | D:4      | Found a sacrificial altar of Ru.
  4825 | D:5      | Reached skill level 8 in Unarmed Combat
  4888 | D:5      | Reached *** piety under Trog
  5396 | D:6      | Found an iron altar of Okawaru.
  5415 | D:6      | Reached skill level 9 in Unarmed Combat
  5673 | D:6      | Reached XP level 9. HP: 58/63 MP: 9/9
  5753 | D:6      | Found a staircase to the Ecumenical Temple.
  6521 | D:7      | Reached skill level 10 in Unarmed Combat
  7705 | D:7      | Found a burning altar of Makhleb.
  7712 | D:7      | Reached skill level 11 in Unarmed Combat
  7970 | D:7      | Reached XP level 10. HP: 62/73 MP: 10/10
  7981 | D:7      | HP: 3/73 [sky beast (5)]
  7981 | D:7      | Slain by a sky beast

Illustrated notes

Levels and vault maps discovered:
D:1:      dpeg_arrival_leaves_temple_mockup, layout_basic, wad_floor_pattern_2
D:2:      layout_basic, minmay_door_square, grunt_ministairs_4,
          hangedman_decor_points
D:3:      minmay_skewed_foursquare, layout_basic, mainiacjoe_overflow_paths,
          serial_shops, shop, basic_ecumenical_altar, gammafunk_ghost_smash,
          minmay_misc_feat_columns, hangedman_abyss_or_decor_lesser_grid
D:4:      layout_basic, mainiacjoe_overflow_boulevard, uniq_pikel
D:5:      layout_loops_ring, serial_shops, shop, grunt_ministairs_12,
          chequers_serial_rivers_micro_d
D:6:      layout_loops_corners, okawaru_ov_weapons_minmay,
          minmay_temple_entry_statues_pillars
D:7:      minmay_the_grid_triangle_9x9_rhombus_full
          [minmay_the_grid_triangle_9x9_stretched_checkered,
          minmay_the_grid_triangle_9x9_impossible_snake,
          minmay_the_grid_triangle_9x9_negative_grid,
          minmay_the_grid_triangle_9x9_minimal,
          minmay_the_grid_triangle_9x9_wacky_v,
          minmay_the_grid_triangle_9x9_alien,
          minmay_the_grid_triangle_9x9_zippers_horizontal,
          minmay_the_grid_triangle_9x9_prize_center], layout_gridville,
          mainiacjoe_overflow_brackets, minivault_26

Skill      XL: |  1  2  3  4  5  6  7  8  9 |
---------------+----------------------------+-----
Stealth        | 1 2 3 4 |  4.0
Unarmed Combat | 4 5 6 7 9 11 | 11.4
Fighting       | 4 5 6 8 |  8.4
Dodging        | |  3.0

Action                     |  1- 3 |  4- 6 |  7- 9 | 10-12 || total
---------------------------+-------+-------+-------+-------++-------
  Melee: Unarmed           |    73 |   108 |   184 |     8 ||   373
         Constrict         |    13 |    22 |    37 |       ||    72
         Tentacles         |     8 |    17 |    42 |     2 ||    69
         Punch             |     2 |     3 |    10 |       ||    15
 Invoke: Berserk           |     1 |     1 |     4 |       ||     6
    Use: Potion            |     3 |       |     1 |       ||     4
         Scroll            |       |     3 |     6 |       ||     9
   Stab: Sleeping          |    13 |     7 |     9 |       ||    29
 Armour: Skin              |     4 |     4 |     4 |       ||    12
  Dodge: Dodged            |    36 |    55 |    98 |     5 ||   194
